 Dungeon Crawl Stone Soup version 0.24-a0-584-g9d6b971ae4 (webtiles) character file.

Game seed: 10457712531613347486, levelgen mode: deterministic

747 GordonOverkill the Covered (level 7, -1/56 HPs)
             Began as a Barachi Fire Elementalist on Sept 2, 2019.
             Shot with an arrow by a centaur (8 damage)
             ... on level 4 of the Dungeon.
             The game lasted 00:08:02 (3807 turns).

GordonOverkill the Covered (BaFE)                   Turns: 3807, Time: 00:08:03

Health: -1/56      AC: 10    Str: 11    XL:     7   Next: 77%
Magic:  10/10      EV: 10    Int: 16    God:
Gold:   253        SH:  0    Dex: 12    Spells: 9/10 levels left

rFire    . . .     SeeInvis .   e - +1 dagger (elec)
rCold    . . .     Gourm    .   (no shield)
rNeg     . . .     Faith    .   q - +0 scale mail
rPois    .         Spirit   .   u - +2 hat
rElec    .         Reflect  .   p - +0 cloak (curse)
rCorr    .         Harm     .   (no gloves)
MR       .....                  (no boots)
Stlth    ..........             (no amulet)
HPRegen  0.18/turn              (no ring)
MPRegen  0.12/turn              (no ring)

@: slow
A: +LOS, swims, slowness 1, strong legs 1
a: Hop


You were on level 4 of the Dungeon.
You were not hungry.

You visited 1 branch of the dungeon, and saw 6 of its levels.

You collected 253 gold pieces.

Inventory:

Hand Weapons
 e - a +1 dagger of electrocution (weapon)
Missiles
 f - 200 stones
 n - 7 javelins (quivered)
Armour
 p - a cursed +0 cloak (worn)
 q - a +0 scale mail (worn)
 r - a +0 helmet
 u - a +2 hat (worn)
Wands
 b - a wand of random effects (12)
Scrolls
 g - 2 scrolls of remove curse
 h - 2 scrolls of teleportation
 i - a scroll of amnesia {unknown}
 j - a scroll of immolation
 l - a scroll of blinking {unknown}
 t - a scroll of enchant armour {unknown}
 v - a scroll of enchant weapon {unknown}
 w - a scroll of random uselessness {unknown}
Potions
 a - a potion of berserk rage {unknown}
 d - 2 potions of lignification {unknown}
 k - a potion of agility {unknown}
 m - a potion of haste
 o - 3 potions of curing
 s - 4 potions of heal wounds {unknown}
 x - a potion of degeneration {unknown}
Comestibles
 c - 8 rations
 z - 3 chunks of flesh


   Skills:
 - Level 5.0 Fighting
 - Level 5.2 Armour
 - Level 4.0 Dodging
 - Level 1.7 Stealth
 + Level 4.6 Unarmed Combat
 - Level 2.1 Spellcasting
 - Level 1.1 Conjurations
 - Level 3.2 Fire Magic


You had 9 spell levels left.
You knew the following spells:

 Your Spells              Type           Power        Failure   Level  Hunger
a - Flame Tongue          Conj/Fire      #....        38%         1    #......

Your spell library contained the following spells:

 Spells                   Type           Power        Failure   Level  Hunger
 Throw Flame              Conj/Fire      #.....       54%         2    ###....
 Animate Skeleton         Necr           N/A          71%         1    #......
 Confusing Touch          Hex            #.....       71%         1    #......
 Conjure Flame            Conj/Fire      #.......     77%         3    ###....
 Inner Flame              Hex/Fire       #.......     83%         3    ###....
 Confuse                  Hex            #.......     97%         3    ###....
 Gell's Gravitas          Tloc           #.........   97%         3    ###....
 Sticky Flame             Conj/Fire      #.......     99%         4    #####..
 Petrify                  Tmut/Erth      #.......     100%        4    #####..
 Fireball                 Conj/Fire      #.........   100%        5    ######.
 Metabolic Englaciation   Hex/Ice        #.........   100%        5    ######.
 Yara's Violent Unravell  Hex/Tmut       #.........   100%        5    ######.


Dungeon Overview and Level Annotations

Branches:
Dungeon (6/15)
 Temple: D:4-7

Altars:
Sif Muna


Innate Abilities, Weirdness & Mutations

Shadows flee at your approach. (+LOS)
You can swim through water.
You cover ground slowly.
You can hop short distances.


Message History

The centaur is severely wounded.
The centaur hits you.
The centaur shoots an arrow.
The arrow hits you! The centaur hits you!
* * * LOW HITPOINT WARNING * * *
You are too injured to fight recklessly!
You are too injured to fight recklessly!
Hop to where?
Press: ? - help, Dir - move target cursor Out of range.
Okay, then.
Unknown command.
Unknown command.
The centaur wields a +0 shortbow.
The centaur shoots an arrow.
The arrow closely misses you.
The centaur shoots an arrow.
The arrow hits you.
* * * LOW HITPOINT WARNING * * *
You see here an arrow.
You feel better.
The centaur shoots an arrow.
The arrow hits you.
* * * LOW HITPOINT WARNING * * *
The centaur shoots an arrow.
The arrow hits you!
You die...

#......# ####..#####
##..##.# .#8..#.#
.'._...# .#8..###
##..######## #######
####......###...(.####
##>.......(.....@(c...#
...........###..##c##...#
......###### #.## ..# #
......# #.# ...# ......#
#.. :#... ####### #.#
.#.#.. #.# .. #... #.. .#
#.# ##. .. ..


You could see 2 centaurs.

Vanquished Creatures
  Sigmund (D:3)
  Edmund (D:4)
  A phantom (D:4)
  An ogre (D:6)
  4 orc wizards
  A centaur skeleton (D:4)
  2 iguanas
  2 adders
  2 adder skeletons
  4 worms
  2 dart slugs
  2 leopard geckos (D:2)
  10 orcs
  2 ball pythons (D:2)
  6 bats
  4 giant cockroaches
  8 goblins
  2 hobgoblins (D:1)
  3 jackals (D:3)
  5 kobolds
  A quokka (D:2)
  7 frilled lizards
  A jackal skeleton (D:4)
  5 rats
77 creatures vanquished.

Notes
Turn   | Place    | Note
-------+----------+-------------------------------------------
     0 | D:1      | GordonOverkill the Barachi Fire Elementalist began the
                  | quest for the Orb.
     0 | D:1      | Reached XP level 1. HP: 13/13 MP: 3/3
   307 | D:1      | Reached XP level 2. HP: 20/20 MP: 3/5
   320 | D:1      | Reached skill level 1 in Armour
   358 | D:1      | Reached skill level 1 in Fighting
   446 | D:1      | Reached skill level 1 in Unarmed Combat
   778 | D:1      | Reached XP level 3. HP: 26/26 MP: 4/6
  1565 | D:2      | Reached XP level 4. HP: 33/33 MP: 2/7
  2201 | D:3      | You fall into a shaft and drop 3 floors!
  2238 | D:6      | Noticed an ogre
  2245 | D:6      | Killed an ogre
  2245 | D:6      | Reached XP level 5. HP: 6/40 MP: 6/8
  2512 | D:6      | Reached XP level 6. HP: 32/47 MP: 9/9
  2697 | D:5      | Entered Level 5 of the Dungeon
  2751 | D:4      | Found a shimmering blue altar of Sif Muna.
  2771 | D:4      | Identified Sif Muna's Volume of Evil Magic
  3462 | D:3      | Noticed Sigmund
  3468 | D:3      | Killed Sigmund
  3468 | D:3      | Reached XP level 7. HP: 48/55 MP: 10/10
  3601 | D:4      | Noticed Edmund
  3619 | D:4      | Killed Edmund
  3631 | D:4      | Reached skill level 5 in Fighting
  3631 | D:4      | Reached skill level 5 in Armour
  3807 | D:4      | Shot with an arrow by a centaur

Levels and vault maps discovered:
D:1:      scummos_arrival_hexagon, layout_loops_cross
D:2:      layout_rooms
D:3:      layout_basic, first_ration, uniq_sigmund
D:4:      layout_basic, led_sif_book, minmay_manual_mares, uniq_edmund
D:5:      layout_loops_corners, makhleb_altar_promises_db
D:6:      layout_loops_ring, temple_pool_b, grunt_potential

Skill      XL: |  1  2  3  4  5  6  7 |
---------------+----------------------+-----
Armour         | 1 2 3 4 5 |  5.2
Fighting       | 1 2 3 4 5 |  5.0
Unarmed Combat | 1 2 4 |  4.6
Dodging        | 3 4 |  4.0
Stealth        | |  1.7
Spellcasting   | |  2.1
Conjurations   | |  1.1
Fire Magic     | |  3.2

Action                   |  1- 3 |  4- 6 |  7- 9 || total
-------------------------+-------+-------+-------++-------
Melee: Unarmed           |    11 |       |       ||    11
       Dagger            |    25 |   123 |    31 ||   179
       Punch             |       |     2 |       ||     2
Throw: Stone             |    48 |     6 |       ||    54
       Javelin           |       |     4 |     3 ||     7
 Cast: Flame Tongue      |    40 |     8 |       ||    48
 Abil: Hop               |       |     1 |       ||     1
  Use: Scroll            |       |     3 |       ||     3
       Potion            |       |       |     1 ||     1
  Eat: Chunk             |     3 |     7 |     1 ||    11
Armor: Robe              |    22 |     7 |       ||    29
       Scale mail        |       |    26 |    11 ||    37
       Skin              |       |     1 |       ||     1
Dodge: Dodged            |    41 |    50 |    12 ||   103

Table legend:
 A = Non-vault XP
 B = Vault XP
 C = Vault XP percentage of total XP
 D = Non-vault monster count
 E = Vault monster count
 F = Vault count percentage of total count
                 A         B        C        D         E       F
            +---------+---------+-------+---------+---------+-------
      Total |     600 |     468 |  43.8 |      73 |       4 |   5.2
            +---------+---------+-------+---------+---------+-------
        D:1 |      37 |       0 |   0.0 |      20 |       0 |   0.0
        D:2 |      45 |       0 |   0.0 |      15 |       0 |   0.0
        D:3 |      87 |     231 |  72.6 |      21 |       1 |   4.5
        D:4 |     208 |     237 |  53.3 |       8 |       3 |  27.3
        D:6 |     223 |       0 |   0.0 |       9 |       0 |   0.0
            +---------+---------+-------+---------+---------+-------
